[Event "5th EKA IIFL Investment 2019"]
[Site "Mumbai"]
[Date "2020.01.01"]
[Round "3.35"]
[White "Sundararajan, Kidambi"]
[Black "Patil, Pratik"]
[Result "1/2-1/2"]
[ECO "D02"]
[WhiteElo "2414"]
[BlackElo "2167"]
[Annotator "RC"]
[PlyCount "80"]
[EventDate "2019.12.30"]
[EventType "swiss"]
[EventCountry "IND"]
[SourceTitle "playchess.com"]
[Source "ChessBase"]
[SourceQuality "1"]
[TimeControl "40/5400+30:1800+30"]

1. d4 d5 2. Nf3 Nf6 3. Bf4 e6 4. e3 Be7 5. Bd3 O-O 6. Nbd2 Nbd7 7. c3 c5 8. Ne5 Nxe5 9. Bxe5 Bd7 10. O-O Rc8 11. Qf3 Qb6 12. dxc5 Qxc5 13. Qh3 h6 14. Rfd1 Bb5 15. Bd4 Qc6 16. Bc2 Nd7 17. e4 dxe4 18. Nxe4 f5 19. Ng3 Bc5 20. Bb3 Bxd4 21. Rxd4 Nc5 22. Rad1 Nxb3 23. axb3 Qc7 24. Qh4 Rce8 25. c4 Bc6 26. b4 e5 27. R4d2 a6 28. Ne2 f4 29. Nc3 e4 30. Qg4 e3 31. fxe3 fxe3 32. Re2 Rf4 33. Qg3 Qf7 34. b5 axb5 35. cxb5 Rf8 36. h3 Bxb5 37. Rxe3 Bc6 38. Re2 Rf1+ 39. Rxf1 Qxf1+ 40. Kh2 Qf4 1/2-1/2

[Event "5th EKA IIFL Investment 2019"]
[Site "Mumbai"]
[Date "2020.01.01"]
[Round "3.49"]
[White "Aaryan, Varshney"]
[Black "Kulasekara, D M T Kashyapa"]
[Result "1/2-1/2"]
[ECO "D66"]
[WhiteElo "2269"]
[BlackElo "1904"]
[Annotator "RC"]
[PlyCount "110"]
[EventDate "2019.12.30"]
[EventType "swiss"]
[EventCountry "IND"]
[SourceTitle "playchess.com"]
[Source "ChessBase"]
[SourceQuality "1"]
[TimeControl "40/5400+30:1800+30"]

1. d4 Nf6 2. c4 e6 3. Nf3 d5 4. Nc3 Be7 5. Bg5 Nbd7 6. e3 O-O 7. Rc1 c6 8. Bd3 dxc4 9. Bxc4 b5 10. Bd3 a6 11. O-O c5 12. Ne4 c4 13. Bb1 Bb7 14. Nxf6+ Nxf6 15. Re1 Ne4 16. Bxe7 Qxe7 17. Qc2 g6 18. Ne5 f6 19. Nf3 Qd6 20. Nd2 Nxd2 21. Qxd2 Rad8 22. Rcd1 Rd7 23. f4 Rfd8 24. Qf2 Kg7 25. h4 Qb6 26. h5 gxh5 27. Qh4 Qc6 28. Re2 Qd5 29. e4 Qc6 30. Re3 e5 31. Rg3+ Kh8 32. fxe5 fxe5 33. d5 Qb6+ 34. Kh2 Rf8 35. Qxh5 Qd6 36. Re1 Rdf7 37. Ree3 Bc8 38. Ref3 Rxf3 39. gxf3 Bd7 40. Bc2 Qf6 41. Kg2 Rg8 42. Qh2 Rf8 43. Qg1 Qf4 44. Qc5 Rf6 45. Qa7 Qd2+ 46. Qf2 Qf4 47. Bd1 Rh6 48. Be2 Qd2 49. Kg1 Qxb2 50. Qg2 Qd4+ 51. Kf1 Qa1+ 52. Kf2 Qd4+ 53. Kf1 Qa1+ 54. Kf2 Qd4+ 55. Kf1 Qa1+ 1/2-1/2

[Event "5th EKA IIFL Investment 2019"]
[Site "Mumbai"]
[Date "2020.01.01"]
[Round "3.54"]
[White "Parnali, S Dharia"]
[Black "Dixit, Nikhil"]
[Result "1-0"]
[ECO "E81"]
[WhiteElo "2102"]
[BlackElo "2318"]
[Annotator "RC"]
[PlyCount "35"]
[EventDate "2019.12.30"]
[EventType "swiss"]
[EventCountry "IND"]
[SourceTitle "playchess.com"]
[Source "ChessBase"]
[SourceQuality "1"]
[TimeControl "40/5400+30:1800+30"]

1. d4 Nf6 2. c4 g6 3. Nc3 Bg7 4. e4 d6 5. f3 O-O 6. Nge2 c6 7. Be3 e5 8. d5 cxd5 9. cxd5 a6 10. Qd2 b5 11. Nc1 Bd7 12. b4 Nh5 13. Nb3 f5 14. Bd3 Qh4+ 15. Bf2 Qe7 16. O-O-O Nf4 17. Be3 Rc8 18. Kb2 1-0

[Event "5th EKA IIFL Investment 2019"]
[Site "Mumbai"]
[Date "2020.01.01"]
[Round "3.55"]
[White "Aakash Sharadchandra, Dalvi"]
[Black "Shailesh, Dravid"]
[Result "0-1"]
[ECO "A56"]
[WhiteElo "2107"]
[BlackElo "2311"]
[Annotator "RC"]
[PlyCount "59"]
[EventDate "2019.12.30"]
[EventType "swiss"]
[EventCountry "IND"]
[SourceTitle "playchess.com"]
[Source "ChessBase"]
[SourceQuality "1"]
[TimeControl "40/5400+30:1800+30"]

1. d4 Nf6 2. c4 c5 3. d5 g6 4. Nc3 Bg7 5. e4 O-O 6. Bd3 e6 7. Nf3 exd5 8. cxd5 d6 9. h3 a6 10. a4 Nbd7 11. Bf4 Re8 12. O-O Qc7 13. Re1 Rb8 14. Bh2 Nh5 15. Nd2 Bh6 16. Nc4 Bf4 17. a5 b5 18. axb6 Nxb6 19. Qf3 Bxh2+ 20. Kxh2 Nxc4 21. Bxc4 Rxb2 22. Bxa6 Qe7 23. Bxc8 Qe5+ 24. g3 Rxc8 25. Ra7 f5 26. Nd1 Rb4 27. exf5 Qxe1 28. fxg6 Qe8 29. Qxh5 Qxg6 30. Qe2 0-1

[Event "5th EKA IIFL Investment 2019"]
[Site "Mumbai"]
[Date "2020.01.01"]
[Round "3.57"]
[White "Ram Prakash, R."]
[Black "Saravana, Krishnan P."]
[Result "0-1"]
[ECO "A20"]
[WhiteElo "2191"]
[BlackElo "2304"]
[Annotator "RC"]
[PlyCount "96"]
[EventDate "2019.12.30"]
[EventType "swiss"]
[EventCountry "IND"]
[SourceTitle "playchess.com"]
[Source "ChessBase"]
[SourceQuality "1"]
[TimeControl "40/5400+30:1800+30"]

1. c4 e5 2. g3 Nf6 3. Bg2 Bc5 4. Nc3 O-O 5. e3 Re8 6. Nge2 d6 7. O-O c6 8. d4 Bb6 9. b4 e4 10. h3 d5 11. cxd5 cxd5 12. Bb2 Nc6 13. a3 Bc7 14. Rc1 Bb6 15. Ra1 Bc7 16. Rc1 Bb6 17. Ra1 Bc7 18. Rc1 Bb6 19. Ra1 Bc7 20. Rc1 Bd7 21. Qb3 Ne7 22. a4 Rc8 23. Ba3 Be6 24. Rc2 Qd7 25. Kh2 Nf5 26. Kg1 Ne7 27. Kh2 Nf5 28. Kg1 Bb8 29. Rfc1 Bc7 30. Rf1 Bb8 31. Rfc1 Ne7 32. Kh2 h5 33. a5 h4 34. Na4 hxg3+ 35. fxg3 Nh5 36. Rxc8 Rxc8 37. Rxc8+ Qxc8 38. Nf4 Nxg3 39. Kxg3 g5 40. Qd1 gxf4+ 41. exf4 Bxf4+ 42. Kxf4 Qc7+ 43. Kg5 Qg3+ 44. Kf6 Qh4+ 45. Ke5 Ng6+ 46. Kd6 Qd8+ 47. Kc5 Qc7+ 48. Kb5 a6# 0-1

[Event "5th EKA IIFL Investment 2019"]
[Site "Mumbai"]
[Date "2020.01.02"]
[Round "4.2"]
[White "Deepan Chakkravarthy J."]
[Black "Das, Sayantan"]
[Result "1/2-1/2"]
[ECO "A13"]
[WhiteElo "2535"]
[BlackElo "2440"]
[Annotator "RC"]
[PlyCount "94"]
[EventDate "2019.12.30"]
[EventType "swiss"]
[EventCountry "IND"]
[SourceTitle "playchess.com"]
[Source "ChessBase"]
[SourceQuality "1"]
[TimeControl "40/5400+30:1800+30"]

1. c4 e6 2. e3 d5 3. Nf3 Nf6 4. b3 b6 5. Bb2 Bb7 6. Be2 Nbd7 7. O-O Bd6 8. cxd5 exd5 9. Nd4 Be5 10. f4 Bxd4 11. Bxd4 c5 12. Bb2 O-O 13. Bf3 Qe7 14. Nc3 Rac8 15. Ne2 Ba6 16. g4 Rfe8 17. Rf2 Ne4 18. Bxe4 Qxe4 19. Ng3 Qe6 20. g5 Bd3 21. f5 Qd6 22. Qh5 d4 23. exd4 c4 24. Qf3 b5 25. bxc4 Bxc4 26. d3 Bd5 27. Ne4 Qe7 28. Re2 Bxe4 29. dxe4 Qxg5+ 30. Kh1 Qe7 31. Rg1 g6 32. e5 Nf8 33. d5 Qb7 34. Rd2 Rcd8 35. Qe4 Qc7 36. e6 fxe6 37. fxg6 h6 38. d6 Qc5 39. Qf4 Qf5 40. Qxh6 e5 41. Qe3 Rd7 42. Rf2 Qe6 43. Qf3 Rg7 44. Qf7+ Rxf7 45. gxf7+ Kh7 46. fxe8=Q Qxe8 47. Rf5 Ne6 1/2-1/2

[Event "5th EKA IIFL Investment 2019"]
[Site "Mumbai"]
[Date "2020.01.02"]
[Round "4.7"]
[White "Sammed Jaykumar, Shete"]
[Black "Stupak, Kirill"]
[Result "1/2-1/2"]
[ECO "C02"]
[WhiteElo "2381"]
[BlackElo "2529"]
[Annotator "RC"]
[PlyCount "107"]
[EventDate "2019.12.30"]
[EventType "swiss"]
[EventCountry "IND"]
[SourceTitle "playchess.com"]
[Source "ChessBase"]
[SourceQuality "1"]
[TimeControl "40/5400+30:1800+30"]

1. e4 e6 2. d4 d5 3. e5 c5 4. c3 Qb6 5. Nf3 Bd7 6. Be2 cxd4 7. Nxd4 Ne7 8. Nd2 Nbc6 9. N2f3 Nxd4 10. Nxd4 Nc6 11. Nxc6 Bxc6 12. O-O Be7 13. a4 a5 14. Bd3 d4 15. c4 h5 16. b3 O-O-O 17. Bd2 Bb4 18. Rb1 f5 19. Bxb4 Qxb4 20. Qe1 Qxe1 21. Rbxe1 g5 22. f3 Kc7 23. Rc1 g4 24. f4 h4 25. Rfd1 Rh7 26. Rd2 Rhd7 27. Kf1 g3 28. h3 Be4 29. Ke1 Kc6 30. Kd1 Kc5 31. Kc2 Kb4 32. Kb2 Rc7 33. Ra1 Bc6 34. Rc1 Kc5 35. Re1 Rcc8 36. Rc1 Ra8 37. Ka3 Ra6 38. Rb1 Rb6 39. Rbb2 Rb4 40. Re2 Ra8 41. Red2 Be4 42. Rbc2 Rd8 43. Ka2 Rc8 44. Ka3 Rc6 45. Rb2 Rc8 46. Rbc2 Rc7 47. Ka2 Rc6 48. Ka3 Rcb6 49. Rb2 Bc6 50. Re2 Be8 51. Red2 Bc6 52. Re2 Be8 53. Red2 Bc6 54. Re2 1/2-1/2

[Event "5th EKA IIFL Investment 2019"]
[Site "Mumbai"]
[Date "2020.01.02"]
[Round "4.8"]
[White "Yudin, Sergei"]
[Black "Vantika, Agrawal"]
[Result "1-0"]
[ECO "B31"]
[WhiteElo "2497"]
[BlackElo "2287"]
[Annotator "ChessBase"]
[PlyCount "118"]
[EventDate "2019.12.30"]
[EventType "swiss"]
[EventCountry "IND"]
[SourceTitle "playchess.com"]
[Source "ChessBase"]
[SourceQuality "1"]
[TimeControl "40/5400+30:1800+30"]

1. e4 c5 2. Nf3 Nc6 3. Bb5 g6 4. O-O Bg7 5. c3 Nf6 6. Re1 O-O 7. d4 d5 8. e5 Ne4 9. Bxc6 bxc6 10. Be3 cxd4 11. cxd4 Qb6 12. Qc1 Rb8 13. b3 a5 14. Nc3 Nxc3 15. Qxc3 Bg4 16. Nd2 Rfc8 17. Rec1 Bf8 18. h3 Bd7 19. Nf3 e6 20. Ne1 a4 21. Nd3 axb3 22. Rcb1 Qb5 23. axb3 Rc7 24. Bc1 Bb4 25. Nxb4 Qxb4 26. Qe3 Rcb7 27. Ba3 Qb6 28. Bd6 Rc8 29. b4 Qd8 30. Qf4 Ra8 31. Qf6 Qe8 32. Kh2 Rba7 33. Ra5 Bc8 34. h4 h6 35. h5 Kh7 36. hxg6+ fxg6 37. Rb3 Ba6 38. Rh3 Rf7 39. Qh4 h5 40. Rha3 Bb7 41. Rxa8 Bxa8 42. g4 Bb7 43. gxh5 g5 44. Qxg5 Rxf2+ 45. Kg3 Rf5 46. Qe7+ Qf7 47. Qxf7+ Rxf7 48. Ra7 Kh6 49. Kg4 Rg7+ 50. Kh4 Rf7 51. Bc5 Rf4+ 52. Kg3 Rf7 53. Kg4 Rg7+ 54. Kh4 Rf7 55. Bb6 Rd7 56. Ba5 Rg7 57. Bd8 Rd7 58. Bg5+ Kh7 59. Bf6 Kh6 1-0

[Event "5th EKA IIFL Investment 2019"]
[Site "Mumbai"]
[Date "2020.01.02"]
[Round "4.11"]
[White "Hesham, Abdelrahman"]
[Black "Mithil, Ajgaonkar"]
[Result "1-0"]
[ECO "A06"]
[WhiteElo "2416"]
[BlackElo "2278"]
[Annotator "ChessBase"]
[PlyCount "81"]
[EventDate "2019.12.30"]
[EventType "swiss"]
[EventCountry "IND"]
[SourceTitle "playchess.com"]
[Source "ChessBase"]
[SourceQuality "1"]
[TimeControl "40/5400+30:1800+30"]

1. Nf3 d5 2. e3 Nf6 3. c4 c6 4. b3 e6 5. Nc3 Nbd7 6. Qc2 Bd6 7. Bb2 O-O 8. Be2 e5 9. cxd5 cxd5 10. Nb5 Bb8 11. Rc1 a6 12. Nc7 Ra7 13. Ng5 b5 14. Nxd5 Bb7 15. Nxf6+ Nxf6 16. f4 Bxg2 17. Rg1 Rc7 18. Bc4 bxc4 19. Bxe5 cxb3 20. Bxc7 Bxc7 21. axb3 Bxf4 22. Rxg2 Re8 23. Qf5 Be5 24. Nf3 Qd5 25. Ke2 g6 26. Qd3 Qa8 27. Rg5 Rd8 28. Qc4 Bxh2 29. Nxh2 Ne4 30. Rg4 Rxd2+ 31. Ke1 Nd6 32. Qc6 Qd8 33. Kxd2 Nc4+ 34. Kc3 Qd2+ 35. Kxc4 Qxc1+ 36. Kd5 Qh1+ 37. e4 Qd1+ 38. Ke5 Qe2 39. Kf6 Qf2+ 40. Ke7 h5 41. Rxg6+ 1-0

[Event "5th EKA IIFL Investment 2019"]
[Site "Mumbai"]
[Date "2020.01.02"]
[Round "4.19"]
[White "Rahman, Ziaur"]
[Black "Thakur, Akash"]
[Result "1/2-1/2"]
[ECO "A06"]
[WhiteElo "2440"]
[BlackElo "2300"]
[Annotator "RC"]
[PlyCount "86"]
[EventDate "2019.12.30"]
[EventType "swiss"]
[EventCountry "IND"]
[SourceTitle "playchess.com"]
[Source "ChessBase"]
[SourceQuality "1"]
[TimeControl "40/5400+30:1800+30"]

1. Nf3 d5 2. c4 c6 3. e3 Nf6 4. d4 g6 5. Nc3 Bg7 6. Be2 O-O 7. O-O e6 8. b4 Re8 9. Bb2 Nbd7 10. Qb3 b6 11. a4 Bb7 12. Rfd1 Qe7 13. Ba3 dxc4 14. Bxc4 a6 15. b5 c5 16. bxa6 Bxa6 17. Bxa6 Rxa6 18. Nb5 Ra5 19. Nd2 Rea8 20. Nc3 Nd5 21. Nde4 Qh4 22. g3 Qg4 23. Kg2 Nxc3 24. Nxc3 cxd4 25. h3 Qf5 26. exd4 h5 27. Bb4 R5a7 28. Nb5 Qe4+ 29. Kg1 Ra6 30. Nc7 Bxd4 31. Rxd4 Qxd4 32. Rd1 Nc5 33. Bxc5 Qxc5 34. Nxa6 Rxa6 35. Rd8+ Kg7 36. Qb2+ e5 37. Qb3 Ra7 38. Rd5 Qc6 39. Rb5 Qc1+ 40. Kg2 Qc6+ 41. Kh2 Ra5 42. Rxb6 Qxa4 43. Qf3 Qe8 1/2-1/2

[Event "5th EKA IIFL Investment 2019"]
[Site "Mumbai"]
[Date "2020.01.02"]
[Round "4.21"]
[White "Nitish, Belurkar"]
[Black "Moksh Amit Doshi"]
[Result "1/2-1/2"]
[ECO "C54"]
[WhiteElo "2294"]
[BlackElo "2399"]
[Annotator "ChessBase"]
[PlyCount "82"]
[EventDate "2019.12.30"]
[EventType "swiss"]
[EventCountry "IND"]
[SourceTitle "playchess.com"]
[Source "ChessBase"]
[SourceQuality "1"]
[TimeControl "40/5400+30:1800+30"]

1. e4 e5 2. Nf3 Nc6 3. Bc4 Bc5 4. c3 Nf6 5. d3 O-O 6. O-O d5 7. exd5 Nxd5 8. Nbd2 Nb6 9. Ne4 Nxc4 10. Nxc5 Nd6 11. Ne4 Bf5 12. Ng3 Bg6 13. Re1 f6 14. d4 e4 15. Nh4 f5 16. Nxg6 hxg6 17. f3 Qh4 18. fxe4 fxe4 19. Be3 Ne7 20. Qb3+ Kh7 21. Rf1 Nef5 22. Rf4 Qe7 23. Nxf5 Nxf5 24. Re1 g5 25. Rf2 Nxe3 26. Rxe3 Rxf2 27. Kxf2 Rf8+ 28. Ke2 Qf6 29. Kd2 Qf2+ 30. Re2 e3+ 31. Kd3 Qf5+ 32. Kxe3 Re8+ 33. Kd2 Qf4+ 34. Kd3 Qf5+ 35. Kd2 Qf4+ 36. Ke1 Rxe2+ 37. Kxe2 Qe4+ 38. Kf2 Qf4+ 39. Ke2 Qe4+ 40. Kf2 Qf4+ 41. Ke2 Qe4+ 1/2-1/2

[Event "5th EKA IIFL Investment 2019"]
[Site "Mumbai"]
[Date "2020.01.02"]
[Round "4.22"]
[White "Abdisalimov, Abdimalik"]
[Black "Harshad, S."]
[Result "1-0"]
[ECO "E53"]
[WhiteElo "2394"]
[BlackElo "2291"]
[Annotator "ChessBase"]
[PlyCount "127"]
[EventDate "2019.12.30"]
[EventType "swiss"]
[EventCountry "IND"]
[SourceTitle "playchess.com"]
[Source "ChessBase"]
[SourceQuality "1"]
[TimeControl "40/5400+30:1800+30"]

1. d4 Nf6 2. c4 e6 3. Nc3 Bb4 4. e3 O-O 5. Bd3 d5 6. Nf3 c5 7. cxd5 cxd4 8. exd4 Nxd5 9. O-O Be7 10. a3 Nc6 11. Bc2 b6 12. Qd3 g6 13. Bh6 Re8 14. Ba4 Bd7 15. Nxd5 exd5 16. Rac1 Rc8 17. Qa6 Bf6 18. Be3 Re7 19. b4 Nb8 20. Rxc8 Bxc8 21. Qd3 a6 22. Bf4 Nd7 23. Bc6 Nf8 24. Rc1 Ne6 25. Bg3 b5 26. h3 Bb7 27. Bxb7 Rxb7 28. Rc6 Rb6 29. Bc7 Rxc6 30. Bxd8 Nxd8 31. Nd2 Ne6 32. Nb3 Kg7 33. Qf3 Rd6 34. Qc3 Rd8 35. g3 h5 36. h4 Rd6 37. Kf1 Rd8 38. Ke2 Re8 39. Kf1 Nxd4 40. Nxd4 Re4 41. Qc6 Rxd4 42. Qxa6 Rd1+ 43. Ke2 Rc1 44. Qxb5 d4 45. a4 Rc2+ 46. Kd1 Rxf2 47. Qd3 Ra2 48. a5 Ra4 49. Qc4 d3 50. Qb3 Ra1+ 51. Kd2 Rg1 52. Qxd3 Be5 53. a6 Rg2+ 54. Kd1 Ra2 55. b5 Ra1+ 56. Kc2 Ra2+ 57. Kb3 Rb2+ 58. Ka3 Rg2 59. a7 Rg1 60. b6 Ra1+ 61. Kb4 Ra2 62. Kb5 Rb2+ 63. Kc6 Ra2 64. Kb7 1-0

[Event "5th EKA IIFL Investment 2019"]
[Site "Mumbai"]
[Date "2020.01.02"]
[Round "4.23"]
[White "Srihari, L R"]
[Black "Eraschenkov, Denis"]
[Result "1-0"]
[ECO "E70"]
[WhiteElo "2271"]
[BlackElo "2386"]
[Annotator "NA"]
[PlyCount "44"]
[EventDate "2019.12.30"]
[EventType "swiss"]
[EventCountry "IND"]
[SourceTitle "playchess.com"]
[Source "ChessBase"]
[SourceQuality "1"]
[TimeControl "40/5400+30:1800+30"]

1. d4 Nf6 2. c4 g6 3. Nc3 Bg7 4. e4 O-O 5. h3 d6 6. Be3 Na6 7. Bd3 e5 8. d5 Nc5 9. Bc2 a5 10. Nge2 Nh5 11. Qd2 Bd7 12. g4 Nf6 13. Ng3 $16 c6 14. g5 Ne8 15. O-O-O cxd5 16. Nxd5 Rc8 17. Qe2 Ne6 18. h4 Nf4 19. Bxf4 exf4 20. Nf5 gxf5 21. exf5 f6 22. Ne7+ Kh8 1-0

[Event "5th EKA IIFL Investment 2019"]
[Site "Mumbai"]
[Date "2020.01.02"]
[Round "4.24"]
[White "Muthaiah AL"]
[Black "Ziatdinov, Raset"]
[Result "1-0"]
[ECO "A06"]
[WhiteElo "2363"]
[BlackElo "2204"]
[Annotator "ChessBase"]
[PlyCount "59"]
[EventDate "2019.12.30"]
[EventType "swiss"]
[EventCountry "IND"]
[SourceTitle "playchess.com"]
[Source "ChessBase"]
[SourceQuality "1"]
[TimeControl "40/5400+30:1800+30"]

1. Nf3 d5 2. g3 Nf6 3. c4 d4 4. Bg2 Nc6 5. O-O e5 6. d3 Bg4 7. h3 Bxf3 8. exf3 Bd6 9. Na3 a6 10. f4 exf4 11. Re1+ Kf8 12. c5 Bxc5 13. Bxf4 Bb4 14. Re2 Nd5 15. Bd2 Bxa3 16. Qb3 Bxb2 17. Qxb2 Rb8 18. Rae1 Nf6 19. Bg5 Qd6 20. Bxc6 Qxc6 21. Qxd4 h6 22. Bxf6 gxf6 23. Re7 h5 24. Rd7 Rh7 25. Ree7 Kg8 26. Rxc7 Qf3 27. Qd7 Rf8 28. Re8 Kg7 29. Rxf8 Kxf8 30. Qe7+ 1-0

[Event "5th EKA IIFL Investment 2019"]
[Site "Mumbai"]
[Date "2020.01.02"]
[Round "4.25"]
[White "Luong, Phuong Hanh"]
[Black "Neelash Saha"]
[Result "0-1"]
[ECO "D02"]
[WhiteElo "2256"]
[BlackElo "2356"]
[Annotator "ChessBase"]
[PlyCount "82"]
[EventDate "2019.12.30"]
[EventType "swiss"]
[EventCountry "IND"]
[SourceTitle "playchess.com"]
[Source "ChessBase"]
[SourceQuality "1"]
[TimeControl "40/5400+30:1800+30"]

1. d4 d5 2. Nf3 Nf6 3. Bf4 c5 4. e3 Nc6 5. c3 Bf5 6. Qb3 Qc8 7. dxc5 e6 8. Nd4 Bxb1 9. Rxb1 Nd7 10. Bd6 Nxc5 11. Bxc5 Bxc5 12. Bd3 O-O 13. Nxc6 bxc6 14. O-O f5 15. c4 Bd6 16. cxd5 cxd5 17. Rbc1 Qd7 18. Qb5 Qe7 19. Rc6 Rfd8 20. Qa4 Rab8 21. Qc2 Qh4 22. g3 Qf6 23. b3 h5 24. Qe2 h4 25. Rfc1 hxg3 26. hxg3 Kf7 27. Ra6 Qh6 28. Rxa7+ Kf6 29. Rc6 Rbc8 30. Qb2+ Be5 31. Rxc8 Rxc8 32. Qa3 Kg6 33. Qe7 Rc1+ 34. Bf1 Qh3 35. Qxe6+ Kh7 36. Qa6 Bxg3 37. Rxg7+ Kxg7 38. Qa7+ Kg6 39. Qa6+ Kg5 40. fxg3 Qxg3+ 41. Kh1 Rc2 0-1

[Event "5th EKA IIFL Investment 2019"]
[Site "Mumbai"]
[Date "2020.01.02"]
[Round "4.26"]
[White "Subhayan Kundu"]
[Black "Kaustuv, Kundu"]
[Result "1/2-1/2"]
[ECO "B28"]
[WhiteElo "2222"]
[BlackElo "2349"]
[Annotator "ChessBase"]
[PlyCount "81"]
[EventDate "2019.12.30"]
[EventType "swiss"]
[EventCountry "IND"]
[SourceTitle "playchess.com"]
[Source "ChessBase"]
[SourceQuality "1"]
[TimeControl "40/5400+30:1800+30"]

1. e4 c5 2. Nf3 a6 3. c4 Nc6 4. d4 cxd4 5. Nxd4 e5 6. Nc2 Nf6 7. Nc3 Bc5 8. Be2 O-O 9. O-O d6 10. Qd3 Be6 11. Be3 Bxe3 12. Qxe3 Rc8 13. Rac1 Qa5 14. Rfd1 Rfd8 15. f3 Qc5 16. Kf2 Qxe3+ 17. Nxe3 Nd4 18. b3 Kf8 19. Bf1 g5 20. Ne2 Nxe2 21. Bxe2 Ke7 22. Bd3 h5 23. g3 h4 24. g4 Nd7 25. Rc2 Nc5 26. Be2 Nd7 27. Bd3 Nf8 28. Rcd2 Ng6 29. Bf1 Nf4 30. Ng2 Ng6 31. Ne3 Rc6 32. b4 Rcc8 33. a4 Nf4 34. a5 Rd7 35. Kg1 Rb8 36. Rb2 b6 37. Ra1 Rdb7 38. Nc2 Rc7 39. Ne3 Rcb7 40. Nc2 Rc7 41. Ne3 1/2-1/2

[Event "5th EKA IIFL Investment 2019"]
[Site "Mumbai"]
[Date "2020.01.02"]
[Round "4.33"]
[White "Jubin Jimmy"]
[Black "Mohammad, Nubairshah Shaikh"]
[Result "0-1"]
[ECO "A41"]
[WhiteElo "2193"]
[BlackElo "2421"]
[Annotator "ChessBase"]
[PlyCount "184"]
[EventDate "2019.12.30"]
[EventType "swiss"]
[EventCountry "IND"]
[SourceTitle "playchess.com"]
[Source "ChessBase"]
[SourceQuality "1"]
[TimeControl "40/5400+30:1800+30"]

1. d4 d6 2. Nf3 g6 3. g3 Bg7 4. Bg2 c5 5. dxc5 Qa5+ 6. c3 Qxc5 7. O-O Nf6 8. Nbd2 O-O 9. e4 Qc7 10. Re1 Nc6 11. h3 Rb8 12. b3 Nd7 13. Bb2 Nc5 14. Nf1 b5 15. Rc1 Bb7 16. Ba1 Ba8 17. Qe2 Rfc8 18. Red1 a5 19. Nd4 Qb6 20. Kh2 Rc7 21. f3 Na6 22. Nxc6 Bxc6 23. Ne3 Rbc8 24. Nc2 Bd7 25. Ne3 Bc6 26. Nc2 Nc5 27. Qe3 Qa7 28. h4 Bd7 29. Nd4 h5 30. Bf1 Ne6 31. Qd2 b4 32. c4 Ra8 33. Nxe6 Bxe6 34. Bxg7 Kxg7 35. Bh3 Bxh3 36. Kxh3 Rc5 37. Kg2 Kg8 38. Rc2 Qb6 39. Qf2 a4 40. Rd3 axb3 41. axb3 Qa7 42. Qd2 Qa3 43. Kh2 Rca5 44. Kg2 Kh7 45. Kh2 Kg7 46. Kg2 Kg8 47. Re3 Qa1 48. Re1 Qa2 49. Rxa2 Rxa2 50. Re2 Rxd2 51. Rxd2 Ra3 52. Rb2 Ra1 53. Re2 Ra8 54. Rd2 Ra3 55. Rb2 Ra1 56. e5 dxe5 57. Rc2 f6 58. c5 Ra7 59. Kf2 Kf7 60. Rc4 Rc7 61. Ke3 Ke6 62. Rxb4 Rxc5 63. Rb7 Rc3+ 64. Kf2 Rc2+ 65. Kf1 Rb2 66. Kg1 g5 67. Rb4 Kf5 68. Kf1 gxh4 69. gxh4 Ke6 70. Rb5 Rh2 71. Rb4 Kd5 72. Ke1 f5 73. Rb7 e6 74. Rb4 f4 75. Kf1 Rd2 76. Ke1 Rb2 77. Kf1 Kd6 78. Ke1 Kc6 79. Kf1 Rh2 80. Kg1 Rd2 81. Kf1 Rd4 82. Rb8 e4 83. fxe4 Rxe4 84. Kf2 Re3 85. b4 Rb3 86. Re8 Kd5 87. Rh8 Ke4 88. Rxh5 e5 89. Rg5 Rb2+ 90. Ke1 Rxb4 91. h5 Rb2 92. Kf1 f3 0-1

[Event "5th EKA IIFL Investment 2019"]
[Site "Mumbai"]
[Date "2020.01.02"]
[Round "4.34"]
[White "Kulkarni, Vinayak"]
[Black "Sundararajan, Kidambi"]
[Result "0-1"]
[ECO "E91"]
[WhiteElo "2167"]
[BlackElo "2414"]
[Annotator "ChessBase"]
[PlyCount "90"]
[EventDate "2019.12.30"]
[EventType "swiss"]
[EventCountry "IND"]
[SourceTitle "playchess.com"]
[Source "ChessBase"]
[SourceQuality "1"]
[TimeControl "40/5400+30:1800+30"]

1. d4 Nf6 2. c4 d6 3. Nc3 g6 4. e4 Bg7 5. Nf3 O-O 6. Be2 Nbd7 7. O-O e5 8. Be3 Re8 9. d5 Nh5 10. g3 Nhf6 11. Nd2 c5 12. a3 Nf8 13. b4 b6 14. Rb1 h5 15. bxc5 bxc5 16. Qa4 Bh3 17. Rfe1 Ng4 18. Bf1 Bxf1 19. Nxf1 h4 20. Rb7 Qf6 21. Qd1 Nxe3 22. Rxe3 Re7 23. Qb1 Bh6 24. Rd3 Rae8 25. Rb2 Nh7 26. Qd1 Qg5 27. Nd2 hxg3 28. Rxg3 Qf6 29. Qg4 Bf4 30. Rd3 Qg7 31. Ne2 f5 32. exf5 gxf5 33. Qxg7+ Rxg7+ 34. Kh1 Ng5 35. Ng3 e4 36. Rdb3 Bxd2 37. Rxd2 Nf3 38. Rdb2 f4 39. Rb8 fxg3 40. Rxe8+ Kf7 41. Rb7+ Kxe8 42. Rxg7 gxf2 43. Kg2 e3 44. Rg8+ Kf7 45. Rg3 Nd2 0-1

[Event "5th EKA IIFL Investment 2019"]
[Site "Mumbai"]
[Date "2020.01.02"]
[Round "4.35"]
[White "Zysk, Robert"]
[Black "Souhardo Basak"]
[Result "1-0"]
[ECO "A46"]
[WhiteElo "2403"]
[BlackElo "2254"]
[Annotator "ChessBase"]
[PlyCount "77"]
[EventDate "2019.12.30"]
[EventType "swiss"]
[EventCountry "IND"]
[SourceTitle "playchess.com"]
[Source "ChessBase"]
[SourceQuality "1"]
[TimeControl "40/5400+30:1800+30"]

1. Nf3 Nf6 2. d4 e6 3. Bg5 b6 4. e4 h6 5. Bxf6 Qxf6 6. Bd3 Bb7 7. Nbd2 d6 8. c3 Nd7 9. Qe2 g5 10. O-O Bg7 11. Ba6 Bxa6 12. Qxa6 O-O 13. Qb7 Rfc8 14. Qc6 Nf8 15. e5 Qe7 16. Qe4 h5 17. h3 d5 18. Qe3 Nh7 19. Nh2 c5 20. Rfc1 Rc7 21. Qe2 cxd4 22. cxd4 Rac8 23. Nb3 Rxc1+ 24. Rxc1 Rxc1+ 25. Nxc1 Qb4 26. Nb3 Qa4 27. g4 Qxa2 28. Qc2 h4 29. Nd2 a5 30. Nhf3 a4 31. Kg2 Bf8 32. Qc6 Bb4 33. Nf1 Qxb2 34. Qxa4 Bc3 35. Ne3 b5 36. Qa7 Bd2 37. Nf5 exf5 38. e6 fxe6 39. Ne5 1-0

[Event "5th EKA IIFL Investment 2019"]
[Site "Mumbai"]
[Date "2020.01.02"]
[Round "4.36"]
[White "Rajesh, V A V"]
[Black "Raahul V S"]
[Result "1-0"]
[ECO "E73"]
[WhiteElo "2393"]
[BlackElo "2252"]
[Annotator "ChessBase"]
[PlyCount "43"]
[EventDate "2019.12.30"]
[EventType "swiss"]
[EventCountry "IND"]
[SourceTitle "playchess.com"]
[Source "ChessBase"]
[SourceQuality "1"]
[TimeControl "40/5400+30:1800+30"]

1. d4 Nf6 2. c4 g6 3. Nc3 Bg7 4. e4 d6 5. Be2 O-O 6. Bg5 Na6 7. Qd2 e5 8. d5 Nc5 9. f3 h6 10. Be3 a5 11. Bd1 Nh5 12. Nge2 f5 13. exf5 Qh4+ 14. g3 Qh3 15. Bxc5 dxc5 16. Ng1 Qxf5 17. g4 Qf4 18. gxh5 Qxc4 19. hxg6 a4 20. Rc1 Qh4+ 21. Qf2 Qg5 22. Nge2 1-0

[Event "5th EKA IIFL Investment 2019"]
[Site "Mumbai"]
[Date "2020.01.02"]
[Round "4.37"]
[White "Patil, Pratik"]
[Black "Manik, Mikulas"]
[Result "0-1"]
[ECO "B22"]
[WhiteElo "2167"]
[BlackElo "2379"]
[Annotator "ChessBase"]
[PlyCount "68"]
[EventDate "2019.12.30"]
[EventType "swiss"]
[EventCountry "IND"]
[SourceTitle "playchess.com"]
[Source "ChessBase"]
[SourceQuality "1"]
[TimeControl "40/5400+30:1800+30"]

1. e4 c5 2. c3 Nf6 3. e5 Nd5 4. d4 cxd4 5. Nf3 Nc6 6. cxd4 g6 7. Bc4 Nb6 8. Bb3 Bg7 9. O-O O-O 10. Bf4 d6 11. exd6 Bg4 12. dxe7 Qxe7 13. Nbd2 Nxd4 14. Re1 Qd8 15. h3 Nxb3 16. Qxb3 Be6 17. Qa3 Re8 18. Bd6 Bd5 19. Rxe8+ Qxe8 20. Re1 Qb5 21. Be5 Bf8 22. Qe3 Re8 23. Qf4 Bxf3 24. Nxf3 Nd5 25. Qd4 Nb4 26. Qh4 Nd3 27. Bc3 Rxe1+ 28. Nxe1 Nc1 29. Bf6 Qe2 30. Bc3 Nxa2 31. Qd4 Nxc3 32. Qxc3 Bd6 33. g3 Be5 34. Qa5 b6 0-1